 Dungeon Crawl Stone Soup version 0.17-a0-1596-g1e86911 (webtiles) character file.

19 urechis the Cudgeler (level 2, 31/31 HPs)
             Began as an Ogre Gladiator on July 31, 2015.
             Quit the game on level 1 of the Dungeon.
             The game lasted 00:01:13 (688 turns).

urechis the Cudgeler (Ogre Gladiator)                Turns: 688, Time: 00:01:13

Health: 31/31      AC:  3    Str: 19    XL:     2   Next: 75%
Magic:  2/2        EV: 10    Int:  7    God:
Gold:   21         SH:  0    Dex: 10    Spells: 0 memorised, 1 level left

rFire  + . .     SeeInvis .     a - +0 flail
rCold  + . .     Clarity  .     b - +0 robe
rNeg   . . .     SustAt   .     (no shield)
rPois  +         Gourm    .     c - +0 hat
rElec  +         Spirit   .     (no cloak)
rCorr  +         Warding  .     (gloves unavailable)
rMut   .         Stasis   .     (boots unavailable)
MR     .....                    (no amulet)
Stlth  +.........               (no ring)
                                (no ring)

@: resistant, not resistant to hostile enchantments, very unstealthy
A: unfitting armour, blurry vision 1, mutation resistance 1, tough skin 1
a: no special abilities


You were on level 1 of the Dungeon.
You were not hungry.

You visited 1 branch of the dungeon, and saw 1 of its levels.

You collected 21 gold pieces.

Inventory:

Hand weapons
 a - a +0 flail (weapon)
Missiles
 d - 3 throwing nets (quivered)
 k - 12 poisoned needles
Armour
 b - a +0 robe (worn)
 c - a +0 hat (worn)
Scrolls
 f - a scroll of noise {unknown}
 h - a scroll of enchant armour {unknown}
 l - a scroll of recharging {unknown}
 m - a scroll of remove curse {unknown}
Potions
 j - a potion of resistance
Comestibles
 e - 3 bread rations
 i - a meat ration


   Skills:
 + Level 3.3 Fighting
 * Level 4.8 Maces & Flails
 - Level 2.1 Throwing
 - Level 2.6 Dodging


You had one spell level left.
You didn't know any spells.

Dungeon Overview and Level Annotations

Branches:
Dungeon (1/15)

Altars:
Okawaru


Innate Abilities, Weirdness & Mutations

You are too large for most types of armour.
You have tough skin (AC +1).
Scrolls take you a little longer to read.
You are somewhat resistant to further mutation.


Message History

Your surroundings suddenly seem different.
There is a stone staircase leading down here.
You see here 16 stones.
Partly explored, can't reach some items.
Partly explored, can't reach some items.
Partly explored, can't reach some items.
Partly explored, can't reach some items.
Partly explored, can't reach some items.
No target in view!
Partly explored, can't reach some items.
There is a staircase leading out of the dungeon here.
Drink which item? (? for menu, Esc to quit)
It was a potion of cure mutation.
It has a very clean taste.
Drink which item? (? for menu, Esc to quit)
It was a potion of resistance.
You feel protected.
Drink which item? (? for menu, Esc to quit)
It was a potion of mutation.
You feel extremely strange.
You feel genetically stable.
Your vision blurs.
Are you sure you want to abandon this character and quit the game? (Confirm with "yes".)

##.#..........# #.# #.
##............# #.# #####.
##.......##...# #.# #...#.
##....#..##...# #.# ##...#.
#....######...#############....[.
#.#..######...##.......((....)##.
.....##..#....#.....≈≈≈§≈.....##.
..#..##.......#....≈≈≈≈≈≈≈.......
..............#<@..≈≈§>§≈≈.....##
.....##....(..#....≈≈≈≈≈≈≈....##
...#.##..###..#.....≈≈§≈≈.....#
..#####..# #..##..............#
..##.#...# ##.#############.).#
..##.[...# #.# #.#.# ##..##
.........# #.# #.#.# #...#
...#.....# ##.## #.#.# ###.#
####..##.###...## #.#.# #.#.#


There were no monsters in sight!

Vanquished Creatures
  An ooze (D:1)
  A goblin (D:1)
  A hobgoblin (D:1)
  4 kobolds (D:1)
  4 giant newts (D:1)
  5 rats (D:1)
16 creatures vanquished.

Notes
Turn   | Place    | Note
--------------------------------------------------------------
     0 | D:1      | urechis the Ogre Gladiator began the quest for the Orb.
     0 | D:1      | Reached XP level 1. HP: 22/22 MP: 1/1
   182 | D:1      | Reached XP level 2. HP: 29/31 MP: 2/2
   203 | D:1      | Found an iron altar of Okawaru.
   687 | D:1      | Gained mutation: You are somewhat resistant to further mutation. [potion of mutation]
   687 | D:1      | Gained mutation: Scrolls take you a little longer to read. [potion of mutation]
   688 | D:1      | Quit the game

Vault maps used:
D:1:      lemuel_arrival_lava_pool, hangedman_decor_growths,
          serial_bayou_pond_e, okawaru_ov_weapons_minmay

Action                   || total
-------------------------++-------
Melee: Flail             ||    49
  Use: Potion            ||     3
 Stab: Sleeping          ||     1
